 Dungeon Crawl Stone Soup version 0.21-a0-538-gd16b88a (webtiles) character file.

138 graki42 the Magician (level 5, -3/28 HPs)
             Began as a Deep Elf Fire Elementalist on Dec 16, 2017.
             Slain by Doomer's ghost (19 damage)
             ... on level 3 of the Dungeon.
             The game lasted 00:06:22 (1827 turns).

graki42 the Magician (Deep Elf Fire Elementalist)   Turns: 1827, Time: 00:06:22

Health: -3/28      AC:  3    Str:  9    XL:     5   Next: 1%
Magic:  3/13       EV: 13    Int: 20    God:
Gold:   130        SH:  0    Dex: 15    Spells: 2/13 levels left

rFire    . . .     SeeInvis .   (no weapon)
rCold    . . .     Gourm    .   (no shield)
rNeg     . . .     Faith    .   a - +0 robe
rPois    .         Spirit   .   (no helmet)
rElec    .         Reflect  .   (no cloak)
rCorr    .         Harm     .   k - +0 pair of gloves {Str+3}
MR       .....                  (no boots)
Stlth    ++........             (no amulet)
HPRegen  0.09/turn              (no ring)
MPRegen  0.13/turn              (no ring)

@: no status effects
A: no striking features
a: no special abilities


You were on level 3 of the Dungeon.
You were not hungry.

You visited 1 branch of the dungeon, and saw 3 of its levels.

You collected 130 gold pieces.

Inventory:

Armour
 a - a +0 robe (worn)
 k - a +0 pair of gloves of strength (worn)
Wands
 m - a wand of enslavement (14)
Scrolls
 d - a scroll of enchant weapon {unknown}
 e - a scroll of remove curse {unknown}
 f - a scroll of random uselessness {unknown}
 g - 3 scrolls of teleportation
 h - a scroll of identify
 j - a scroll of enchant armour {unknown}
Potions
 l - a potion of mutation
Books
 b - a book of Flames

   Spells                             Type                      Level
   a - Flame Tongue                   Conjuration/Fire             1
   b - Throw Flame                    Conjuration/Fire             2
   c - Conjure Flame                  Conjuration/Fire             3
   d - Inner Flame                    Hexes/Fire                   3
   e - Sticky Flame                   Conjuration/Fire             4
   f - Fireball                       Conjuration/Fire             5
Comestibles
 c - 4 bread rations
 i - a royal jelly


   Skills:
 + Level 0.2 Fighting
 + Level 2.9 Dodging
 + Level 2.8 Stealth
 + Level 4.5 Spellcasting
 + Level 2.7 Conjurations
 + Level 4.3 Fire Magic


You had 2 spell levels left.
You knew the following spells:

 Your Spells              Type           Power        Failure   Level  Hunger
a - Flame Tongue          Conj/Fire      ###..        2%          1    None
b - Conjure Flame         Conj/Fire      ###.....     9%          3    ##.....
c - Inner Flame           Hex/Fire       ##......     14%         3    ##.....
d - Sticky Flame          Conj/Fire      ###.....     28%         4    ####...


Dungeon Overview and Level Annotations

Branches:
Dungeon (3/15)

Altars:
Nemelex Xobeh

Annotations:
D:3 Doomer's ghost, amateur MiFi


Message History

Casting: Conjure Flame
Confirm with . or Enter, or press ? or * to list all spells.
Aiming: Flame Tongue
Press: ? - help, Shift-Dir - straight line, f - Doomer's ghost
Aim: Doomer's ghost (flame)
The flame tongue hits Doomer's ghost.
Doomer's ghost is lightly damaged.
Doomer's ghost is engulfed in blazing flames.
Doomer's ghost hits you!
Casting: Flame Tongue
Confirm with . or Enter, or press ? or * to list all spells.
Aiming: Flame Tongue
Press: ? - help, Shift-Dir - straight line, f/p - Doomer's ghost
Aim: Doomer's ghost (flame, severely damaged)
The flame tongue hits Doomer's ghost.
Doomer's ghost is severely damaged.
Doomer's ghost is engulfed in blazing flames.
Doomer's ghost hits you!!
Ouch! That really hurt!
You die...

#.. ...## ...... #.. #...#
#...#.# #..# #...# #.....#
#..# ######...# #......
#..####........# #####....#
#.......[....#..
..........###...#........###
..........#.....+...).......
..........W@...†#...)...####
#.........#.#...###.#####
#.......[.#.#.....#.# #
#...........#...#.#.# #
#........#.##...#.#.# #
#........#........... ..
#......w.#..#.......# ..
#........#.....##.###
#........##..#.# .#


You could see Doomer's ghost.

Vanquished Creatures
  7 adders
  An ooze (D:3)
  3 worms (D:2)
  3 orcs (D:3)
  2 giant cockroaches
  5 goblins
  11 hobgoblins
  3 jackals (D:1)
  2 quokkas
  2 ball pythons (D:1)
  8 bats
  2 frilled lizards
  5 kobolds
  6 rats
60 creatures vanquished.

Notes
Turn   | Place    | Note
-------+----------+-------------------------------------------
     0 | D:1      | graki42 the Deep Elf Fire Elementalist began the quest for the Orb.
     0 | D:1      | Reached XP level 1. HP: 10/10 MP: 6/6
   137 | D:1      | Reached XP level 2. HP: 15/15 MP: 2/8
   218 | D:1      | Found a sparkling altar of Nemelex Xobeh.
   885 | D:1      | Reached XP level 3. HP: 19/19 MP: 6/10
   890 | D:1      | Learned a level 3 spell: Conjure Flame
   894 | D:1      | Learned a level 3 spell: Inner Flame
  1399 | D:2      | Reached XP level 4. HP: 18/24 MP: 3/12
  1607 | D:2      | Learned a level 4 spell: Sticky Flame
  1798 | D:3      | Reached XP level 5. HP: 23/28 MP: 5/13
  1815 | D:3      | Noticed Doomer's ghost (amateur MiFi)
  1827 | D:3      | Slain by Doomer's ghost

Vault maps used:
D:1:      co_arrival_square_in_a_square_in_a_square,
          nemelex_diamond_rough_becter
D:2:      first_bread
D:3:      demons_altar

Skill      XL: |  1  2  3  4 |
---------------+-------------+-----
Fire Magic     | 4 |  4.3
Spellcasting   | 4 |  4.5
Conjurations   | 2 |  2.7
Fighting       | |  0.2
Dodging        | |  2.9
Stealth        | |  2.8

Action                   |  1- 3 |  4- 6 || total
-------------------------+-------+-------++-------
 Cast: Flame Tongue      |    80 |    35 ||   115
       Conjure Flame     |     1 |     1 ||     2
       Inner Flame       |     1 |       ||     1
Evoke: Wand              |       |     1 ||     1
  Use: Potion            |     1 |       ||     1
       Scroll            |       |     2 ||     2
  Eat: Chunk             |     1 |     2 ||     3
Armor: Robe              |    12 |       ||    12
Dodge: Dodged            |    32 |     2 ||    34

Table legend:
 A = Spawn XP
 B = Non-spawn XP
 C = Spawn XP percentage of total XP
 D = Spawn monster count
 E = Non-spawn monster count
 F = Spawn count percentage of total count
 G = Total turns spent on level
                    A         B        C        D         E        F      G
               +---------+---------+-------+---------+---------+-------+---------
         Total |       0 |     198 |   0.0 |       0 |      60 |   0.0 |  1827
               +---------+---------+-------+---------+---------+-------+---------
           D:1 |       0 |      43 |   0.0 |       0 |      25 |   0.0 |  1041
           D:2 |       0 |      82 |   0.0 |       0 |      24 |   0.0 |   673
           D:3 |       0 |      73 |   0.0 |       0 |      11 |   0.0 |   113
               +---------+---------+-------+---------+---------+-------+---------
